[Event "Titled Tuesday Blitz January 17 Early 2023"]
[White "Nikulina, Alena"]
[Black "TacticalSam94"]
[WhiteFideId "4172051"]
[WhiteElo "1857"]
[BlackElo "2382"]
[Result "0-1"]
[Round "10"]
[TimeControl "180+2"]
[Date "2023.01.17"]
[WhiteClock "0:00:10"]
[BlackClock "0:02:16"]

1. e4 c5 2. Nf3 d6 3. c3 Nf6 4. h3 g6 5. Bd3 Bg7 6. Bc2 Nbd7 7. O-O O-O 8. d4 Qc7 9. Re1 b6 10. Bg5 h6 11. Bh4 Bb7 12. Na3 a6 13. Rc1 Rfe8 14. Bg3 Nh5 15. e5 Nxg3 16. fxg3 dxe5 17. dxe5 Nxe5 18. Nxe5 Bxe5 19. Bb3 e6 20. Qg4 Bxg3 21. Nc4 Bxe1 22. Rxe1 Bd5 23. Ne5 Kg7 24. Nf3 Bxf3 25. gxf3 Rad8 26. Bc2 Rd2 27. Be4 Qh2+ 28. Kf1 Qf2# 0-1


[Site "https://www.chess.com"]

[Event "Titled Tuesday Blitz January 17 Early 2023"]
[White "Tarnowska, Aleksandra"]
[Black "Ovezdurdyyeva, Jemal"]
[WhiteFideId "1180967"]
[BlackFideId "14001888"]
[WhiteElo "1835"]
[BlackElo "2078"]
[Result "0-1"]
[Round "10"]
[TimeControl "180+2"]
[Date "2023.01.17"]
[WhiteClock "0:00:01"]
[BlackClock "0:00:13"]

1. e4 d6 2. d4 Nf6 3. Nd2 g6 4. Ngf3 Bg7 5. Bd3 Nbd7 6. O-O e5 7. c3 O-O 8. Re1 c5 9. Nf1 Qb6 10. dxe5 dxe5 11. Ng3 Rd8 12. Bc4 a6 13. Ng5 Rf8 14. a4 Qc7 15. Qb3 Nb8 16. Be3 Nc6 17. Rad1 Na5 18. Qa2 Nxc4 19. Qxc4 h6 20. Nf3 b6 21. h3 Bb7 22. Bc1 Rfe8 23. b4 Rac8 24. b5 axb5 25. axb5 Ra8 26. Nh4 Ra5 27. Nxg6 Kh7 28. Nh4 Bc8 29. Nhf5 Bf8 30. Qe2 c4 31. Nh5 Re6 32. Nxf6+ Rxf6 33. Qh5 Rxb5 34. Bg5 Rg6 35. Bd8 Qc5 36. Rd5 Qc6 37. Red1 Rb2 38. R5d2 Rb3 39. Rc1 Qxe4 40. Ng3 Qf4 41. Rcd1 Rxc3 42. Qe2 Bc5 43. Bc7 Rcxg3 0-1


[Site "https://www.chess.com"]

[Event "Titled Tuesday Blitz January 17 Early 2023"]
[White "Warchol, Kamil"]
[Black "Begunov, Konstantin"]
[WhiteFideId "21858241"]
[BlackFideId "4118510"]
[WhiteElo "2173"]
[BlackElo "2325"]
[Result "1-0"]
[Round "10"]
[TimeControl "180+2"]
[Date "2023.01.17"]
[WhiteClock "0:00:37"]
[BlackClock "0:00:01"]

1. e4 c5 2. Nf3 d6 3. d4 cxd4 4. Nxd4 Nf6 5. Nc3 a6 6. Be3 Ng4 7. Bg5 Nc6 8. h3 Qb6 9. hxg4 Qxd4 10. Bd3 Qb4 11. Bd2 Ne5 12. Nd5 Qc5 13. b4 Qc6 14. b5 Qc5 15. Be3 Nxd3+ 16. cxd3 Qa3 17. Nc7+ Kd8 18. Nxa8 Qc3+ 19. Ke2 Bxg4+ 20. f3 Bd7 21. Rc1 Qa3 22. Bb6+ 1-0


[Site "https://www.chess.com"]

[Event "Titled Tuesday Blitz January 17 Early 2023"]
[White "Orujov, Elshad"]
[Black "Horcajuelo Rocamora, Martin"]
[WhiteFideId "13403540"]
[BlackFideId "24573027"]
[WhiteElo "2304"]
[BlackElo "2107"]
[Result "1-0"]
[Round "10"]
[TimeControl "180+2"]
[Date "2023.01.17"]
[WhiteClock "0:01:08"]
[BlackClock "0:01:55"]

1. e4 c5 2. Nf3 e6 3. d4 cxd4 4. Nxd4 Nf6 5. Nc3 Nc6 6. Ndb5 Bb4 7. a3 Bxc3+ 8. Nxc3 d5 9. exd5 exd5 10. Bd3 O-O 11. O-O h6 12. Bf4 a6 13. h3 Be6 14. Ne2 Rc8 15. c3 d4 16. Nxd4 Nxd4 17. cxd4 Qb6 18. Be5 Nd5 19. Qe2 Rfe8 20. Rac1 Rxc1 21. Rxc1 f6 22. Bg3 Qxd4 23. Rd1 Qb6 24. Bc4 Bf7 25. Qf3 Ne7 26. Bxf7+ Kxf7 27. Rd7 Qc6 28. Qxc6 bxc6 29. Ra7 Rd8 30. Rxa6 Rd1+ 31. Kh2 Rd2 32. b4 Ke6 33. b5 Kd5 34. b6 Nf5 35. b7 Nxg3 36. b8=Q Nf1+ 37. Kg1 1-0


[Site "https://www.chess.com"]

[Event "Titled Tuesday Blitz January 17 Early 2023"]
[White "Gatterer, Florian"]
[Black "MitzyCaballero"]
[WhiteFideId "811688"]
[WhiteElo "2170"]
[BlackElo "2235"]
[Result "1-0"]
[Round "10"]
[TimeControl "180+2"]
[Date "2023.01.17"]
[WhiteClock "0:00:06"]
[BlackClock "0:00:02"]

1. Nf3 e6 2. c4 b6 3. g3 Bb7 4. Bg2 f5 5. O-O Nf6 6. d4 Be7 7. Nc3 O-O 8. d5 exd5 9. cxd5 Bb4 10. Qb3 Bxc3 11. d6+ Bd5 12. Qxc3 cxd6 13. Bf4 Qe7 14. Qa3 Qxe2 15. Bxd6 Re8 16. Rae1 Qb5 17. Rxe8+ Nxe8 18. Bf4 Nc6 19. Rd1 Nf6 20. h3 Re8 21. Be3 Ne4 22. Nd4 Nxd4 23. Rxd4 Bc6 24. b3 Qe2 25. Bf1 Qf3 26. Bg2 Qe2 27. Bf1 Qe1 28. Qc1 Qxc1 29. Bxc1 Kf7 30. Bc4+ Kf6 31. Bf4 Rd8 32. f3 g5 33. Bc7 Nc5 34. Bxd8+ Ke5 35. Rd2 d5 36. Be2 d4 37. Bxg5 h5 38. Bf4+ Ke6 39. Bc4+ Kf6 40. Rxd4 Bxf3 41. Rd6+ Ke7 42. Kf2 Be4 43. Rh6 Bb1 44. a3 Bc2 45. Ke3 Ne4 46. Bd3 1-0


[Site "https://www.chess.com"]

[Event "Titled Tuesday Blitz January 17 Early 2023"]
[White "Zampronha, Wladimir Camilo"]
[Black "Sonnenschein, Philipp"]
[WhiteFideId "2103087"]
[BlackFideId "16250877"]
[WhiteElo "2176"]
[BlackElo "2224"]
[Result "0-1"]
[Round "10"]
[TimeControl "180+2"]
[Date "2023.01.17"]
[WhiteClock "0:00:05"]
[BlackClock "0:00:20"]

1. e4 c6 2. d4 d5 3. e5 c5 4. Nf3 cxd4 5. Nxd4 Nc6 6. Bb5 Bd7 7. Nc3 Nxe5 8. Nxd5 e6 9. Nc3 Bc5 10. Bxd7+ Qxd7 11. Nb3 Qxd1+ 12. Nxd1 Bb6 13. Be3 Bxe3 14. Nxe3 Nf6 15. Ke2 Ke7 16. f4 Nc6 17. c3 Rhd8 18. Rad1 a5 19. Nc5 b6 20. Na4 Nd7 21. b3 b5 22. Rxd7+ Kxd7 23. Nb6+ Kc7 24. Nxa8+ Rxa8 25. Rd1 a4 26. b4 Nd8 27. c4 bxc4 28. Nxc4 a3 29. Rd3 Ra4 30. Rxa3 Rxb4 31. Ne5 Rb2+ 32. Kf3 f6 33. Ng4 Nc6 34. Ne3 Nd4+ 35. Ke4 Nb5 36. Rb3 Nd6+ 37. Kf3 Rxa2 38. Rc3+ Kd7 39. Rd3 Ke7 40. Rc3 Ra7 41. g3 Rd7 42. Rb3 Nb7 43. Ra3 Nc5 44. Ra8 Nb3 45. Rh8 h6 46. Rg8 Kf7 47. Rb8 Nd4+ 48. Ke4 f5+ 49. Ke5 Nc6# 0-1


[Site "https://www.chess.com"]

[Event "Titled Tuesday Blitz January 17 Early 2023"]
[White "Gressmann, Moritz"]
[Black "Zaichenko, Daria"]
[WhiteFideId "24695084"]
[BlackFideId "4197453"]
[WhiteElo "2129"]
[BlackElo "2104"]
[Result "1-0"]
[Round "10"]
[TimeControl "180+2"]
[Date "2023.01.17"]
[WhiteClock "0:00:18"]
[BlackClock "0:00:37"]

1. e4 c5 2. Nf3 Nc6 3. Bb5 Nd4 4. Nxd4 cxd4 5. O-O a6 6. Bc4 e6 7. d3 Be7 8. f4 d5 9. exd5 exd5 10. Bb3 Nf6 11. Qf3 O-O 12. h3 h6 13. Qf2 b6 14. Nd2 Nh5 15. Nf3 f5 16. Kh2 Bb7 17. Nxd4 Bh4 18. Qf3 Bg3+ 19. Kg1 Qh4 20. Bxd5+ Bxd5 21. Qxd5+ Kh8 22. Nxf5 Rxf5 23. Qxf5 Re8 24. Qg4 Qxg4 25. hxg4 Nf6 26. Bd2 Re2 27. Be1 Bxe1 28. Raxe1 Rxc2 29. Rf2 Rc5 30. g5 hxg5 31. fxg5 Rxg5 32. Re6 Rb5 33. Rc2 Kg8 34. Rec6 Rd5 35. Rxb6 Rxd3 36. Rxa6 Ng4 37. Rc1 Rd2 38. Ra4 Ne3 39. Re4 Rxg2+ 40. Kh1 Re2 41. a4 g5 42. a5 g4 43. a6 g3 44. a7 g2+ 45. Kg1 Kf7 46. Rxe3 Rxe3 47. a8=Q 1-0


[Site "https://www.chess.com"]

[Event "Titled Tuesday Blitz January 17 Early 2023"]
[White "Cueto, Jonny"]
[Black "Dwilewicz, Katarzyna"]
[WhiteFideId "3300145"]
[BlackFideId "1148486"]
[WhiteElo "2122"]
[BlackElo "2115"]
[Result "0-1"]
[Round "10"]
[TimeControl "180+2"]
[Date "2023.01.17"]
[WhiteClock "0:00:03"]
[BlackClock "0:00:55"]

1. d4 d5 2. Nf3 Bf5 3. Bf4 c6 4. c4 dxc4 5. Nh4 Be6 6. g3 Bd5 7. f3 Qa5+ 8. Nc3 Nf6 9. e4 Be6 10. Ng2 g6 11. Ne3 Bg7 12. Bxc4 Bxc4 13. Nxc4 Qb4 14. Qe2 b5 15. Ne5 Qxd4 16. Rd1 Qb6 17. Qd2 O-O 18. Bh6 Na6 19. h4 Rad8 20. Qf4 Rxd1+ 21. Nxd1 Qd4 22. Bxg7 Kxg7 23. h5 Nxh5 24. Rxh5 gxh5 25. Ne3 Qb4+ 26. Kf1 Kh8 27. Nf5 Qxb2 28. Qg5 Qxe5 29. f4 Qf6 30. Qxh5 Nc5 31. e5 Qg6 32. Qh3 Ne4 33. Nxe7 Qxg3 34. Qf5 Qf2# 0-1


[Site "https://www.chess.com"]

[Event "Titled Tuesday Blitz January 17 Early 2023"]
[White "Cramling Bellon, Anna"]
[Black "Jiganchine, Roman"]
[WhiteFideId "32009232"]
[BlackFideId "2603667"]
[WhiteElo "2043"]
[BlackElo "2205"]
[Result "0-1"]
[Round "10"]
[TimeControl "180+2"]
[Date "2023.01.17"]
[WhiteClock "0:00:02"]
[BlackClock "0:00:53"]

1. d4 d5 2. c4 e6 3. Nc3 Nf6 4. cxd5 Nxd5 5. e4 Nxc3 6. bxc3 c5 7. Nf3 cxd4 8. cxd4 Bb4+ 9. Bd2 Bxd2+ 10. Qxd2 O-O 11. Be2 b6 12. O-O Bb7 13. Qe3 Nd7 14. Rac1 Nf6 15. Nd2 Qd7 16. e5 Nd5 17. Qg3 Rac8 18. Ne4 Kh8 19. Nd6 Rxc1 20. Rxc1 Ba8 21. Bb5 Qe7 22. Qg4 h6 23. h4 g6 24. h5 gxh5 25. Qxh5 Qg5 26. Nxf7+ Rxf7 27. Rc8+ Kg7 28. Qxg5+ hxg5 29. Rxa8 Nc7 30. Rxa7 Nxb5 31. Ra6 Rb7 32. a4 Nxd4 33. Kf1 Nc6 34. Ke2 Nxe5 35. a5 Nc4 36. axb6 Rxb6 37. Ra7+ Kf6 38. Kd3 Ne5+ 39. Kd4 Rb4+ 40. Kc5 Rc4+ 41. Kb5 Rc2 42. f4 gxf4 43. Ra8 Rxg2 44. Rf8+ Nf7 45. Kc6 Rd2 46. Kc5 f3 47. Kc4 f2 48. Kc3 Rd5 0-1


[Site "https://www.chess.com"]

[Event "Titled Tuesday Blitz January 17 Early 2023"]
[White "Fernandez Siles, Luis"]
[Black "Jenkins, Drake"]
[WhiteFideId "2209420"]
[BlackFideId "2022397"]
[WhiteElo "2218"]
[BlackElo "2130"]
[Result "1/2-1/2"]
[Round "10"]
[TimeControl "180+2"]
[Date "2023.01.17"]
[WhiteClock "0:00:18"]
[BlackClock "0:00:06"]

1. d4 Nf6 2. c4 c5 3. d5 b5 4. cxb5 a6 5. bxa6 Bxa6 6. f3 d6 7. e4 Bxf1 8. Kxf1 g6 9. Nd2 Bg7 10. Nc4 O-O 11. Ne2 Nbd7 12. Qc2 Nb6 13. Bd2 Nxc4 14. Qxc4 Nd7 15. Bc3 Ne5 16. Qb3 f5 17. exf5 Rxf5 18. Ng3 Rf7 19. Ne4 h6 20. h4 Rb8 21. Qc2 Qd7 22. Ng3 Qb5+ 23. Kg1 Qd3 24. Qxd3 Nxd3 25. Bxg7 Kxg7 26. b3 Nb4 27. Kf2 Nxd5 28. Rhd1 Nc3 29. Rd3 Nb5 30. Ne2 Na3 31. g3 Ra8 32. Rc1 Rff8 33. Nf4 Rfb8 34. Ne6+ Kf6 35. Re3 Nb5 36. a4 Nd4 37. Nxd4 cxd4 38. Rd3 e5 39. f4 Rb4 40. Kf3 Rab8 41. fxe5+ Kxe5 42. Re1+ Kd5 43. Re4 Rxb3 44. Rxd4+ Kc5 45. Rd5+ Kc4 46. Rd4+ Kc5 47. Rxd6 Rxd3+ 48. Rxd3 Ra8 49. Re3 Rxa4 50. Re6 g5 51. h5 g4+ 52. Ke3 Kd5 53. Rxh6 Ke5 54. Rg6 Ra3+ 55. Kf2 Kf5 56. Rg8 Ra2+ 57. Kf1 Ra1+ 58. Ke2 Ra2+ 59. Kd3 Ra3+ 60. Kd4 Rxg3 61. h6 Rh3 62. Rh8 g3 63. Rf8+ Kg6 64. Rg8+ Kxh6 65. Ke4 Kh7 66. Rg4 Kh6 67. Kf3 Kh5 68. Rxg3 Rxg3+ 69. Kxg3 1/2-1/2


[Site "https://www.chess.com"]

[Event "Titled Tuesday Blitz January 17 Early 2023"]
[White "Vasques, Antonio Pedro Freixial"]
[Black "Cepo, Toni"]
[WhiteFideId "1908332"]
[BlackFideId "4675916"]
[WhiteElo "2214"]
[BlackElo "2145"]
[Result "1-0"]
[Round "10"]
[TimeControl "180+2"]
[Date "2023.01.17"]
[WhiteClock "0:02:06"]
[BlackClock "0:02:41"]

1. Nf3 Nf6 2. c4 g6 3. Nc3 Bg7 4. d4 O-O 5. e4 d6 6. Be2 e5 7. O-O Nc6 8. d5 Ne7 9. Nd2 Nd7 10. b4 f5 11. f3 f4 12. Nb3 g5 13. c5 Ng6 14. cxd6 cxd6 15. Bd2 Rf7 16. Be1 h5 17. Qc2 Bf8 18. Kh1 Nb6 19. Bf2 g4 20. Bg1 Rg7 21. Rfc1 Nh4 22. Nb5 gxf3 23. Bxf3 Nxf3 24. gxf3 Bh3 25. Bxb6 Bg2+ 26. Qxg2 Qxb6 27. Qe2 1-0


[Site "https://www.chess.com"]

[Event "Titled Tuesday Blitz January 17 Early 2023"]
[White "Nugumanov, Bakhtiyar"]
[Black "Clawitter, Craig"]
[WhiteFideId "13701797"]
[BlackFideId "2023105"]
[WhiteElo "2316"]
[BlackElo "2050"]
[Result "1-0"]
[Round "10"]
[TimeControl "180+2"]
[Date "2023.01.17"]
[WhiteClock "0:01:00"]
[BlackClock "0:00:10"]

1. Nf3 Nf6 2. c4 e6 3. g3 d5 4. Bg2 Be7 5. O-O O-O 6. b3 c5 7. cxd5 exd5 8. Bb2 d4 9. b4 cxb4 10. Nxd4 Qc7 11. d3 Nc6 12. Nf3 h6 13. Nbd2 Be6 14. a3 bxa3 15. Bxa3 a5 16. Nb3 Bxa3 17. Rxa3 a4 18. Nc5 b5 19. Nxe6 fxe6 20. Qc2 Qd6 21. Rc3 Nb4 22. Qb2 Nfd5 23. Ra3 Rac8 24. Nd4 Qc5 25. Nxe6 Qc2 26. Qxg7# 1-0


[Site "https://www.chess.com"]

[Event "Titled Tuesday Blitz January 17 Early 2023"]
[White "Thomas, Anysia"]
[Black "Martinez, Shawn"]
[WhiteFideId "670472"]
[BlackFideId "2039770"]
[WhiteElo "2147"]
[BlackElo "1881"]
[Result "1-0"]
[Round "10"]
[TimeControl "180+2"]
[Date "2023.01.17"]
[WhiteClock "0:00:31"]
[BlackClock "0:00:02"]

1. d4 g6 2. c4 Bg7 3. Nc3 d6 4. Nf3 a6 5. e4 h6 6. h3 Nf6 7. Be3 b6 8. g4 Bb7 9. d5 Qd7 10. Be2 e6 11. Qd3 exd5 12. exd5 O-O 13. O-O-O b5 14. Qd2 Kh7 15. g5 hxg5 16. Nxg5+ Kg8 17. h4 bxc4 18. h5 c6 19. h6 Nxd5 20. hxg7 Re8 21. Nxd5 cxd5 22. Bd4 Re5 23. f4 Nc6 24. fxe5 dxe5 25. Bc5 Qf5 26. Bf8 1-0


[Site "https://www.chess.com"]

[Event "Titled Tuesday Blitz January 17 Early 2023"]
[White "Ho, In Hei Henry"]
[Black "Grot, Blazej"]
[WhiteFideId "6002552"]
[BlackFideId "21835845"]
[WhiteElo "1735"]
[BlackElo "1990"]
[Result "0-1"]
[Round "10"]
[TimeControl "180+2"]
[Date "2023.01.17"]
[WhiteClock "0:01:30"]
[BlackClock "0:02:25"]

1. e4 c5 2. Nf3 e6 3. d4 cxd4 4. Nxd4 Nc6 5. Nc3 Nf6 6. Nxc6 bxc6 7. Bd3 d5 8. O-O Bb7 9. Re1 Be7 10. e5 Nd7 11. Qg4 Kf8 12. Re3 h5 13. Qd1 d4 14. Rf3 dxc3 15. Qe2 Qc7 16. Bg6 Nxe5 17. Bxf7 Nxf3+ 18. Qxf3 Bf6 19. Bxe6 Re8 20. Bb3 Re1# 0-1


[Site "https://www.chess.com"]

[Event "Titled Tuesday Blitz January 17 Early 2023"]
[White "Broca Jimenez, Fernando"]
[Black "Ezat, Mohamed"]
[WhiteFideId "5104742"]
[BlackFideId "10600906"]
[WhiteElo "2075"]
[BlackElo "2402"]
[Result "1-0"]
[Round "10"]
[TimeControl "180+2"]
[Date "2023.01.17"]
[WhiteClock "0:00:06"]
[BlackClock "0:00:04"]

1. e4 e5 2. Nf3 Nc6 3. Bb5 Nge7 4. d4 exd4 5. Nxd4 a6 6. Bxc6 Nxc6 7. Nxc6 bxc6 8. O-O Bc5 9. b3 O-O 10. Bb2 d5 11. Nc3 Be6 12. Qd3 Re8 13. Rad1 Qh4 14. exd5 cxd5 15. Nxd5 Rad8 16. Qc3 Bf8 17. Ne3 Rxd1 18. Rxd1 c5 19. Qd3 h6 20. g3 Qh3 21. Ng2 c4 22. bxc4 Qg4 23. Nf4 Bf5 24. Qe2 Qg5 25. Qxe8 Bg4 26. Re1 Qa5 27. Qe3 Bf5 28. Nd5 Qxa2 29. Ne7+ Bxe7 30. Qxe7 Bg6 31. Bd4 Kh7 32. Qe5 Qa5 33. Qxg7# 1-0


[Site "https://www.chess.com"]

[Event "Titled Tuesday Blitz January 17 Early 2023"]
[White "Legenia, Artem"]
[Black "Thiel, Thomas"]
[WhiteFideId "14136945"]
[BlackFideId "4615964"]
[WhiteElo "2092"]
[BlackElo "2234"]
[Result "1-0"]
[Round "10"]
[TimeControl "180+2"]
[Date "2023.01.17"]
[WhiteClock "0:01:58"]
[BlackClock "0:00:06"]

1. f4 e5 2. fxe5 d6 3. e4 dxe5 4. Nf3 Bc5 5. Bc4 Nc6 6. d3 Nf6 7. Nc3 O-O 8. Qe2 Bg4 9. Be3 Nd4 10. Bxd4 Bxd4 11. O-O-O Bxc3 12. bxc3 Nd7 13. h3 Bxf3 14. Qxf3 Nb6 15. Bb3 a5 16. a3 Qe7 17. Kb2 a4 18. Ba2 Ra5 19. c4 Nd7 20. Rhf1 Ra6 21. Bb1 Nc5 22. c3 Rb6+ 23. Ka2 Rb3 24. Bc2 Rxc3 25. Kb2 Rb3+ 26. Bxb3 Nxb3 27. Qe3 Nd4 28. Ka2 Rd8 29. Qd2 Nc6 30. Qc3 f6 31. c5 Rd4 32. Rb1 Qd7 33. Rfd1 Nd8 34. Rb4 Kf8 35. Rxd4 exd4 36. Qc4 Nc6 37. Rb1 Ne5 38. Qb5 Qxb5 39. Rxb5 Nxd3 40. Rxb7 Nxc5 41. Rxc7 Nxe4 42. Rc4 1-0


[Site "https://www.chess.com"]

[Event "Titled Tuesday Blitz January 17 Early 2023"]
[White "Rian, Kapriaga"]
[Black "Liimatainen, Jero"]
[WhiteFideId "7103263"]
[BlackFideId "509531"]
[WhiteElo "2089"]
[BlackElo "1948"]
[Result "1-0"]
[Round "10"]
[TimeControl "180+2"]
[Date "2023.01.17"]
[WhiteClock "0:00:39"]
[BlackClock "0:00:06"]

1. d4 Nf6 2. Nf3 e6 3. Bf4 c5 4. e3 Nc6 5. Nbd2 d5 6. Be2 Bd6 7. dxc5 Bxc5 8. O-O O-O 9. a3 b6 10. c4 Bb7 11. cxd5 Nxd5 12. Bg3 Be7 13. Rc1 Bf6 14. Qb3 Rc8 15. Ne4 Na5 16. Nxf6+ Qxf6 17. Qa2 h6 18. Be5 Qe7 19. Rfd1 Rxc1 20. Rxc1 Rc8 21. Rxc8+ Bxc8 22. h3 Qc5 23. Qa1 Nb3 24. Qd1 Qc1 25. Qxc1 Nxc1 26. Bc4 Bd7 27. e4 Nf6 28. Bxf6 gxf6 29. e5 b5 30. Bf1 fxe5 31. Nxe5 Be8 32. f4 Nb3 33. Kf2 Kg7 34. Ke3 f6 35. Nf3 Bc6 36. Nd4 Nxd4 37. Kxd4 e5+ 38. fxe5 fxe5+ 39. Kxe5 a5 40. b4 axb4 41. axb4 Kg6 42. g3 Kg5 43. Be2 Bd7 44. h4+ Kg6 45. Kd6 1-0


[Site "https://www.chess.com"]

[Event "Titled Tuesday Blitz January 17 Early 2023"]
[White "Torres Dominguez, David"]
[Black "Levitan, Caleb Levi"]
[WhiteFideId "2220857"]
[BlackFideId "14332620"]
[WhiteElo "1994"]
[BlackElo "2129"]
[Result "1/2-1/2"]
[Round "10"]
[TimeControl "180+2"]
[Date "2023.01.17"]
[WhiteClock "0:00:17"]
[BlackClock "0:00:12"]

1. e4 c5 2. Nc3 e6 3. f4 d5 4. Bb5+ Bd7 5. Bxd7+ Qxd7 6. d3 Nc6 7. Nf3 Be7 8. O-O dxe4 9. dxe4 Qxd1 10. Rxd1 Nf6 11. e5 Nd7 12. Be3 O-O-O 13. a3 b6 14. Rd2 Ndb8 15. Rad1 Rxd2 16. Rxd2 Rd8 17. Kf2 Rxd2+ 18. Nxd2 Nd7 19. Nce4 f5 20. exf6 Nxf6 21. Kf3 Kd7 22. Nc4 Nxe4 23. Kxe4 b5 24. Ne5+ Nxe5 25. fxe5 Kc6 26. b3 a5 27. a4 c4 28. Bd2 Bd8 29. Kd4 Bb6+ 30. Ke4 cxb3 31. cxb3 bxa4 32. bxa4 Bc7 33. Kd4 Bb6+ 34. Kc4 Bc7 35. Bc3 Bb6 36. g4 g6 37. h3 h5 38. gxh5 gxh5 39. Bd4 Bd8 40. Bc5 Bg5 41. Bd6 Bf4 42. Kd4 Bd2 43. Kc4 Be1 44. Be7 Bg3 45. Bd8 Bxe5 46. Bxa5 Bd6 47. Bd2 Kb6 48. a5+ Ka6 49. Kd4 Bc7 50. Ke4 Bd6 51. Kf3 Bc7 52. Ke4 Bd6 53. Kd4 Bc7 54. Kc5 Bd8 55. Kd6 Bxa5 56. Bxa5 Kxa5 57. Kxe6 Kb6 58. Kf6 Kc7 59. Kg6 Kd7 60. Kxh5 Ke7 61. Kg6 Kf8 62. Kh7 Kf7 63. h4 Kf8 64. h5 Kf7 65. h6 Kf8 66. Kg6 Kg8 67. h7+ Kh8 68. Kf6 Kxh7 1/2-1/2


[Site "https://www.chess.com"]

[Event "Titled Tuesday Blitz January 17 Early 2023"]
[White "Kiseleva, Arina"]
[Black "Manon-og, Ramon Jr."]
[WhiteFideId "4164989"]
[BlackFideId "5200776"]
[WhiteElo "1962"]
[BlackElo "1999"]
[Result "0-1"]
[Round "10"]
[TimeControl "180+2"]
[Date "2023.01.17"]
[WhiteClock "0:00:01"]
[BlackClock "0:01:44"]

1. d4 Nf6 2. Nf3 g6 3. c4 d5 4. cxd5 Nxd5 5. e4 Nb6 6. h3 Bg7 7. Be3 O-O 8. Nc3 Nc6 9. Be2 Na5 10. O-O Nac4 11. Qc2 Nxe3 12. fxe3 c6 13. e5 Bf5 14. e4 Be6 15. b3 Bh6 16. Qd3 Qc7 17. Rad1 Rad8 18. Kh1 Qc8 19. Ng1 f5 20. Bf3 Bf4 21. Qc2 Be3 22. exf5 Bxf5 23. Be4 Bxe4 24. Qxe4 Rxf1 25. Rxf1 Bxd4 26. Nce2 Bc5 27. e6 Rf8 28. Nf3 Nd5 29. Ng3 Nc7 30. Ng5 Rxf1+ 31. Nxf1 Qd8 32. Nf7 Qd1 33. Qf4 Nxe6 34. Nh6+ Kg7 35. Qf7+ Kxh6 36. Kh2 Bd6+ 0-1


[Site "https://www.chess.com"]

[Event "Titled Tuesday Blitz January 17 Early 2023"]
[White "Better_Chess_Faster"]
[Black "Martin, Lewis"]
[BlackFideId "410551"]
[WhiteElo "2030"]
[BlackElo "2135"]
[Result "0-1"]
[Round "10"]
[TimeControl "180+2"]
[Date "2023.01.17"]
[WhiteClock "0:00:16"]
[BlackClock "0:00:48"]

1. d4 d5 2. c4 c6 3. Nf3 Nf6 4. e3 g6 5. Nc3 Bg7 6. Be2 O-O 7. O-O Na6 8. cxd5 cxd5 9. b3 Bf5 10. h3 Rc8 11. Bb2 Nb4 12. Ne5 Ne4 13. Nxe4 Bxe4 14. a3 Nc2 15. Rc1 Qa5 16. Bd3 Nxe3 17. fxe3 f6 18. Bxe4 fxe5 19. Bd3 exd4 20. Rxf8+ Rxf8 21. b4 Qb6 22. exd4 Bh6 23. Rc5 Be3+ 24. Kh1 Qd6 25. Qe2 Qg3 26. Rxd5 Rf2 27. Rd8+ Kg7 28. d5+ Kh6 29. Qxf2 Qxf2 30. Kh2 Bf4+ 31. Kh1 Qe1+ 32. Bf1 Qxf1# 0-1


[Site "https://www.chess.com"]

[Event "Titled Tuesday Blitz January 17 Early 2023"]
[White "Garrido, Denis"]
[Black "Mohammadian, Mohammad"]
[WhiteFideId "601217"]
[BlackFideId "12566055"]
[WhiteElo "2205"]
[BlackElo "1398"]
[Result "1-0"]
[Round "10"]
[TimeControl "180+2"]
[Date "2023.01.17"]
[WhiteClock "0:01:12"]
[BlackClock "0:00:55"]

1. e4 e5 2. Nf3 Nc6 3. Bb5 a6 4. Ba4 Nf6 5. Nc3 d6 6. d3 h6 7. h3 Be7 8. Be3 Bd7 9. Qe2 O-O 10. g4 b5 11. Bb3 Na5 12. Rg1 Nxb3 13. axb3 c5 14. g5 hxg5 15. Bxg5 g6 16. Kd2 Bxh3 17. Rg3 Bg4 18. Bxf6 Bxf3 19. Bxe7 Bxe2 20. Bxd8 Bxd3 21. Bf6 c4 22. Rh1 1-0


[Site "https://www.chess.com"]

[Event "Titled Tuesday Blitz January 17 Early 2023"]
[White "Avazkhonov, Alikhon"]
[Black "Dilmukhametov, Artur"]
[WhiteFideId "14208504"]
[BlackFideId "24179922"]
[WhiteElo "1538"]
[BlackElo "2276"]
[Result "1-0"]
[Round "10"]
[TimeControl "180+2"]
[Date "2023.01.17"]
[WhiteClock "0:00:24"]
[BlackClock "0:01:42"]

1. d4 Nf6 2. c4 g6 3. Nc3 Bg7 4. e4 d6 5. f3 O-O 6. Be3 Nbd7 7. Qd2 e5 8. d5 Nh5 9. Nge2 b6 10. O-O-O Nc5 11. g4 Nf6 12. Ng3 a5 13. h4 a4 14. h5 a3 15. b3 Bd7 16. Kb1 Qb8 17. Bh6 c6 18. Bxg7 Kxg7 19. hxg6 fxg6 20. Qh6+ Kg8 21. g5 Nxb3 22. gxf6 Rf7 23. axb3 b5 24. dxc6 Bxc6 25. cxb5 a2+ 26. Ka1 Qa7 27. Bc4 Bd7 28. Qg7# 1-0


[Site "https://www.chess.com"]

[Event "Titled Tuesday Blitz January 17 Early 2023"]
[White "Chan, Kim Yew"]
[Black "Kuchava, Ana"]
[WhiteFideId "5717981"]
[BlackFideId "13605348"]
[WhiteElo "2340"]
[BlackElo "2101"]
[Result "1-0"]
[Round "10"]
[TimeControl "180+2"]
[Date "2023.01.17"]
[WhiteClock "0:00:26"]
[BlackClock "0:00:06"]

1. c4 e6 2. g3 d5 3. Bg2 Nf6 4. Nf3 d4 5. O-O c5 6. e3 Nc6 7. exd4 cxd4 8. d3 Bd6 9. Bg5 h6 10. Bxf6 Qxf6 11. Nbd2 O-O 12. Ne4 Qe7 13. Nxd6 Qxd6 14. Re1 Rb8 15. a3 a5 16. Nd2 e5 17. Rc1 Bf5 18. Ne4 Qc7 19. c5 Rfc8 20. Nd6 Be6 21. Nxc8 Rxc8 22. Qa4 Bf5 23. Qc4 Be6 24. Bd5 Bxd5 25. Qxd5 Rd8 26. Qc4 Qd7 27. b4 axb4 28. axb4 Qd5 29. Qxd5 Rxd5 30. b5 Nb4 31. c6 bxc6 32. bxc6 Rd8 33. c7 Rc8 34. Rxe5 Nxd3 35. Rd5 Nxc1 36. Rd8+ Kh7 37. Rxc8 Ne2+ 38. Kg2 d3 39. Rd8 Nc3 40. Rxd3 Nb5 41. c8=Q 1-0


[Site "https://www.chess.com"]

[Event "Titled Tuesday Blitz January 17 Early 2023"]
[White "Ciuffoletti, Paolo"]
[Black "Kostiukov, Alexandr"]
[WhiteFideId "807630"]
[BlackFideId "14108100"]
[WhiteElo "2106"]
[BlackElo "2271"]
[Result "0-1"]
[Round "10"]
[TimeControl "180+2"]
[Date "2023.01.17"]
[WhiteClock "0:00:20"]
[BlackClock "0:00:47"]

1. e4 c5 2. d4 cxd4 3. c3 g6 4. Nf3 Bg7 5. Bc4 e6 6. O-O Ne7 7. cxd4 d5 8. exd5 exd5 9. Bb5+ Nbc6 10. Nc3 O-O 11. Bg5 Bg4 12. Bxc6 bxc6 13. Re1 f6 14. Be3 Nf5 15. Na4 Rb8 16. Rc1 Qa5 17. b3 Rfc8 18. h3 Bxf3 19. Qxf3 Qb4 20. Qd1 Nxe3 21. fxe3 Qd6 22. Re2 Qg3 23. Qe1 Qg5 24. Rec2 Re8 25. Rxc6 Rxe3 26. Rc8+ Bf8 27. Qa5 Re8 28. Rxb8 Qxc1+ 29. Kh2 Qf4+ 30. Kh1 Rxb8 31. Qxd5+ 0-1


[Site "https://www.chess.com"]

[Event "Titled Tuesday Blitz January 17 Early 2023"]
[White "Jimenez Fernandez, Rebeca"]
[Black "Wilson, Elvin"]
[WhiteFideId "32070934"]
[BlackFideId "2014874"]
[WhiteElo "2069"]
[BlackElo "2183"]
[Result "0-1"]
[Round "10"]
[TimeControl "180+2"]
[Date "2023.01.17"]
[WhiteClock "0:01:05"]
[BlackClock "0:01:08"]

1. e4 e6 2. d3 d5 3. Nd2 Nf6 4. Ngf3 Be7 5. g3 O-O 6. Bg2 c5 7. O-O Nc6 8. Re1 b5 9. e5 Nd7 10. Nf1 Bb7 11. h4 Qc7 12. Bf4 Rfc8 13. N1h2 Qd8 14. h5 h6 15. Ng4 Nf8 16. Qd2 Nh7 17. c3 a5 18. d4 b4 19. Bxh6 gxh6 20. Nxh6+ Kg7 21. Qf4 Qf8 22. Nh4 Bg5 23. N6f5+ exf5 24. Qxf5 cxd4 25. Bxd5 Ne7 26. Qg4 Bxd5 27. f4 Be6 28. f5 Nxf5 29. Nxf5+ Bxf5 30. Qxf5 dxc3 31. bxc3 Rxc3 32. Re4 Qc8 33. e6 Qc5+ 34. Qxc5 Rxc5 0-1


[Site "https://www.chess.com"]